 Dungeon Crawl Stone Soup version 0.28.0 (webtiles) character file.

Game seed: 1197357521310726378

36 Findor the Bolt Thrower (level 3, 0/21 HPs)
             Began as a Kobold Hunter on Feb 14, 2022.
             Succumbed to an adder's poison
             ... on level 2 of the Dungeon.
             The game lasted 00:01:26 (851 turns).

Findor the Bolt Thrower (Kobold Hunter)              Turns: 851, Time: 00:01:26

Health: 0/21       AC:  9    Str: 11    XL:     3   Next: 57%
Magic:  3/3        EV: 11    Int: 12    God:
Gold:   35         SH:  0    Dex: 15    Spells: 2/2 levels left

rFire   . . .      SeeInvis .   b - +0 short sword
rCold   . . .      Faith    .   (no shield)
rNeg    . . .      Spirit   .   i - +0 scale mail
rPois   .          Reflect  .   h - +0 helmet
rElec   .          Harm     .   (no cloak)
rCorr   .          Rampage  .   c - +0 pair of gloves
Will    .....                   g - +0 pair of boots
Stlth   ++........              (no amulet)
HPRegen 0.07/turn               (no ring)
MPRegen 0.08/turn               (no ring)

@: lethally poisoned (0 -> -4), hasted, very quick
A: small, no large weapons, nightstalker 3
a: no special abilities


You were on level 2 of the Dungeon.
You visited 1 branch of the dungeon, and saw 2 of its levels.

You collected 35 gold pieces.


Innate Abilities, Weirdness & Mutations

You are small and have problems with some larger weapons.
You are completely attuned to the shadows.


   Skills:
 - Level 2.1 Fighting
 * Level 2.7 Short Blades
 + Level 5.2 Crossbows
 - Level 2.4 Dodging
 + Level 2.4 Stealth


You had 2 spell levels left.
You didn't know any spells.
Your spell library contained the following spells:

 Spells                   Type           Power      Damage    Failure   Level
 Beastly Appendage        Tmut           0%         N/A       91%         1
 Wereblood                Tmut           0%         N/A       97%         2
 Spider Form              Tmut/Pois      0%         N/A       99%         3

Inventory:

Hand Weapons
 a - a +1 hand crossbow
 b - a +0 short sword (weapon)
Missiles
 d - 20 bolts
Armour
 c - a +0 pair of gloves (worn)
   (You found it on level 1 of the Dungeon)
 g - a +0 pair of boots (worn)
   (You found it on level 1 of the Dungeon)
 h - a +0 helmet (worn)
   (You found it on level 1 of the Dungeon)
 i - a +0 scale mail (worn)
   (You found it on level 2 of the Dungeon)
Scrolls
 e - a scroll of noise {unknown}
 j - a scroll of fog {unknown}


Message History

You closely miss the adder. The adder misses you.
You closely miss the adder. The adder bites you but does no damage.
You hit the adder. The adder bites you. The adder closely misses you.
You barely miss the adder. The adder bites you but does no damage.
You barely miss the adder. The adder closely misses you.
You barely miss the adder. The adder bites you.
You are poisoned.
The adder poisons you! The adder closely misses you.
You hit the adder.
You feel sick. The adder bites you but does no damage.
You hit the adder.
You feel sick. The adder barely misses you.
You barely miss the adder.
You feel sick. The adder barely misses you.
The adder bites you but does no damage.
You closely miss the adder.
You feel sick. The adder bites you but does no damage.
You are too injured to fight recklessly!
You are too injured to fight recklessly!
You are too injured to fight recklessly!
You are too injured to fight recklessly!
You are too injured to fight recklessly!
You are too injured to fight recklessly!
You are too injured to fight recklessly!
You are too injured to fight recklessly!
You are too injured to fight recklessly!
You are too injured to fight recklessly!
You are too injured to fight recklessly!
You are too injured to fight recklessly!
You are too injured to fight recklessly!
You are too injured to fight recklessly!
Unknown command.
You miss the adder.
You feel sick.
You are no longer poisoned.
The adder misses you.
You barely miss the adder. The adder bites you but does no damage.
You barely miss the adder. The adder bites you.
* * * LOW HITPOINT WARNING * * *
The adder bites you.
* * * LOW HITPOINT WARNING * * *
You are lethally poisoned!
The adder poisons you!
Unknown command.
Unknown command.
Unknown command.
It was a potion of haste.
You feel yourself speed up.
* * * LOW HITPOINT WARNING * * *
You feel sick. The adder closely misses you.
You aren't carrying any potions.
You hit the adder.
You kill the adder!
Found a stone staircase leading down.
You die...

#..>.....
+.........
#.........
#.......#
#.@...#
##.<.##
##+##


There were no monsters in sight!

Vanquished Creatures
  2 adders (D:2)
  An endoplasm (D:1)
  A giant cockroach (D:1)
  2 goblins (D:1)
  3 hobgoblins (D:1)
  A ball python (D:1)
  A bat (D:1)
  2 frilled lizards (D:1)
  3 kobolds (D:1)
  4 rats (D:1)
20 creatures vanquished.

Notes
Turn   | Place    | Note
-------+----------+-------------------------------------------
     0 | D:1      | Findor the Kobold Hunter began the quest for the Orb.
     0 | D:1      | Reached XP level 1. HP: 12/12 MP: 1/1
    51 | D:1      | Found a faded altar of an unknown god.
   149 | D:2      | Reached skill level 1 in Short Blades
   149 | D:2      | Reached skill level 5 in Crossbows
   149 | D:2      | Reached XP level 2. HP: 11/17 MP: 2/2
   516 | D:1      | Reached XP level 3. HP: 21/21 MP: 3/3
   848 | D:2      | HP: 3/21 [adder (3)]
   849 | D:2      | HP: 1/21 [poisoned by an adder]
   851 | D:2      | Succumbed to an adder's poison

Levels and vault maps discovered:
D:1:      saegor_arrival_simple_c, layout_rooms,
          hellmonk_ecumenical_altar_leap_of_faith
D:2:      minmay_wonky_spiral, layout_loops_corners

Action                   || total
-------------------------++-------
Melee: Short sword       ||    79
       Punch             ||     1
  Use: Potion            ||     1
 Stab: Sleeping          ||     4
Armor: Leather armour    ||     3
       Scale mail        ||    27
Dodge: Dodged            ||    44
